 Dungeon Crawl Stone Soup version 0.31-a0-851-g7ff8af7976 (webtiles) character file.

Game seed: 5843408789163035910

90188 BinkBink the Warrior (level 15, -7/105 HPs)
             Began as a Gargoyle Fighter on Oct 7, 2023.
             Was the Champion of Dithmenos.
             Killed from afar by a spriggan druid (19 damage)
             ... with a stone arrow
             ... on level 3 of the Swamp.
             The game lasted 00:52:25 (23997 turns).

BinkBink the Warrior (Gargoyle Fighter)            Turns: 23997, Time: 00:52:26

Health: -7/105     AC: 39    Str: 27    XL:     15   Next: 99%
Magic:  18/18      EV:  8    Int:  9    God:    Dithmenos [******]
Gold:   1287       SH:  8    Dex: 15    Spells: 14/14 levels left

rFire   . . .        g - +5 demon whip (vamp)
rCold   . . .        c - +0 buckler
rNeg    + . .        j - +3 plate armour
rPois   ∞            G - +1 hat {SInv}
rElec   +            x - +0 cloak
rCorr   .            r - +0 pair of gloves
SInv    +            p - +2 pair of boots {Fly}
Will    ++...        (no amulet) Stlth
                     l - ring of willpower
HPRegen 0.37/turn    y - +6 ring of dexterity
MPRegen 0.16/turn

%: no passive effects
@: flying, wreathed by umbra
A: sickness immunity, AC +11, big wings, negative energy resistance 1,
electricity resistance, torment resistance 1, petrification resistance
a: Renounce Religion, Shadow Step, Shadow Form


You were on level 3 of the Swamp.
You worshipped Dithmenos.
Dithmenos was exalted by your worship.
You visited 5 branches of the dungeon, and saw 22 of its levels.
You also visited: Sewer, Ossuary and Bailey.

You collected 1723 gold pieces.
You spent 436 gold pieces at shops.

Inventory:

Hand Weapons
 g - a +5 vampiric demon whip (weapon)
 u - a +0 flail of holy wrath
Armour
 c - a +0 buckler (worn)
 j - a +3 plate armour (worn)
 p - a +2 pair of boots of flying (worn)
 r - a +0 pair of gloves (worn)
 x - a +0 cloak (worn)
 G - a +1 hat of see invisible (worn)
Jewellery
 l - a ring of willpower (left hand)
 n - a ring of resist corrosion
 y - a +6 ring of dexterity (right hand)
 O - a ring of protection from fire
 P - an amulet of magic regeneration
 R - a ring of protection from cold
 T - a ring of see invisible
Wands
 w - a wand of charming (8)
 A - a wand of light (6)
 B - a wand of flame (37)
 L - a wand of iceblast (20)
 Q - a wand of digging (4)
 S - a wand of polymorph (5)
Scrolls
 b - 2 scrolls of revelation
 e - 2 scrolls of fear
 f - 3 scrolls of amnesia
 h - a scroll of butterflies
 k - 7 scrolls of noise
 m - 2 scrolls of fog
 s - 4 scrolls of blinking
 C - 2 scrolls of immolation
 F - 3 scrolls of teleportation
 N - a scroll of identify
Potions
 a - a potion of mutation
 d - 3 potions of might
 i - 2 potions of haste
 o - 2 potions of ambrosia
 q - 5 potions of brilliance
 t - 2 potions of lignification
 v - 3 potions of magic
 z - 9 potions of curing
 D - 2 potions of cancellation
 E - a potion of heal wounds
 H - a potion of berserk rage
 I - 2 potions of enlightenment
 J - 5 potions of attraction
 M - 2 potions of invisibility


   Skills:
 + Level 16.4 Fighting
 - Level 12.0 Maces & Flails
 + Level 16.3 Armour
 + Level 16.3 Shields
 - Level 4.0 Invocations


You had 14 spell levels left.
You didn't know any spells.
Your spell library contained the following spells:

 Spells                   Type           Power      Damage    Failure   Level
 Foxfire                  Conj/Fire      0%         2x1d4     95%         1
 Freeze                   Ice            0%         1d3       95%         1
 Magic Dart               Conj           0%         1d3       95%         1
 Sandblast                Erth           0%         2d4       95%         1
 Sting                    Tmut/Pois      0%         1d3       95%         1
 Blink                    Tloc           0%         N/A       98%         2
 Call Imp                 Summ           0%         N/A       98%         2
 Lesser Beckoning         Tloc           0%         N/A       98%         2
 Momentum Strike          Conj/Tloc      0%         3d8       98%         2
 Passwall                 Tmut/Erth      0%         N/A       98%         2
 Poisonous Vapours        Pois/Air       0%         N/A       98%         2
 Searing Ray              Conj           0%         2d4       98%         2
 Frozen Ramparts          Ice            0%         1d1       100%        3
 Gell's Gravitas          Tloc           0%         N/A       100%        3
 Hailstorm                Conj/Ice       0%         3d3       100%        3
 Mephitic Cloud           Conj/Pois/Air  0%         N/A       100%        3
 Stone Arrow              Conj/Erth      0%         3d7       100%        3
 Teleport Other           Tloc           0%         N/A       100%        3
 Brom's Barrelling Bould  Conj/Erth      0%         2d3       100%        4
 Fulminant Prism          Conj/Hex       0%         3d5       100%        4
 Olgreb's Toxic Radiance  Pois           0%         N/A       100%        4
 Plasma Beam              Fire/Air       0%         2x1d10    100%        6
 Starburst                Conj/Fire      0%         6d3       100%        6


Dungeon Overview and Level Annotations

Branches:
Dungeon (11/15)            Temple (1/1) D:4            Lair (5/5) D:10
  Swamp (3/4) Lair:3        Snake (0/4) Lair:3        Slime (0/5) Lair:4
    Orc (2/2) D:10            Elf (0/3) Orc:2         Sewer (visited)
Ossuary (visited)          Bailey (visited)

Altars:
Ashenzari
Cheibriados
Dithmenos
Elyvilon
Fedhas
Gozag
Hepliaklqana
Kikubaaqudgha
Makhleb
Nemelex Xobeh
Okawaru
Qazlal
Ru
Sif Muna
Trog
Uskayaw
Vehumet
Wu Jian
Xom
Yredelemnul
Zin
The Shining One
Jiyva

Shops:
D:8 *   D:9 ?   Orc:1 ?   Orc:2 [=*(*

Portals:
Hell: Lair:5

Annotations:
D:6 1 runed translucent door, Crazy Yiuf
D:11 Amaemon


Innate Abilities, Weirdness & Mutations

You are immune to sickness and miasma.
Your stone body is resilient. (AC +11)
You are immune to poison.
Your large and strong wings let you fly.
You resist negative energy. (rN+)
You are resistant to electric shocks. (rElec)
You are resistant to unholy torment.
You are immune to petrification.


Message History

The tentacled monstrosity tentacle-slaps your butterfly!!
Your butterfly dies!
Your butterfly disappears in a burst of colours!
The alligator barely misses your butterfly.
The alligator tail-slaps your butterfly!
Your butterfly dies!
Your butterfly disappears in a burst of colours!
The ghost crab breathes spectral mist at you.
The spectral mist engulfs you but does no damage.
Your butterfly is engulfed in spectral mist.
Your butterfly dies!
Your butterfly disappears in a burst of colours!
You block the spectral death drake's attack.
The swamp worm completely misses your butterfly.
The will-o-the-wisp gestures.
The will-o-the-wisp conjures some marshlight!
The spriggan druid calls out to the beasts of the wild!
The swamp drake moves out of view. 2 foxfires and a goliath frog come into view.
You are engulfed in spectral mist.
You are hit by a branch.
A root smacks your butterfly from below!
Your butterfly dies!
Your butterfly disappears in a burst of colours!
The foxfire is engulfed in spectral mist.
The foxfire hits you!!
* * * LOW HITPOINT WARNING * * *
The foxfire is engulfed in spectral mist.
The foxfire hits you but does no damage.
Your butterfly is engulfed in spectral mist.
Your butterfly dies!
Your butterfly disappears in a burst of colours!
Your butterfly is engulfed in spectral mist.
Your butterfly dies!
Your butterfly disappears in a burst of colours!
The spectral death drake bites you but does no damage.
The ghost crab breathes spectral mist at you.
The spectral mist engulfs the spectral death drake but does no damage.
The spriggan druid gestures at you while chanting.
The stone arrow hits you!!
You die...

♣♣.§~ .~t~~
♣♣♣.~~~.
♣~.b§~~.
♣♣t§w~~
♣♣♣§§°F
♣♣♣i§§Z♣
♣~.~X§@♣
.~♣♣~†~§bv♣
..~~x~~~~§.♣
...~♣♣♣♣♣♣♣♣
~~. .


You could see a tentacled monstrosity, a bunyip (fleeing), an alligator
(fleeing), a ghost crab, a spriggan druid (ally target), a spectral death drake
(summoned, distracted), a will-o-the-wisp and a swamp worm.

Vanquished Creatures
  Saint Roka (Orc:2)
  Gastronok (Lair:2)
  An orc warlord (Orc:1)
  An eleionoma (Swamp:1)
  4 bunyips
  An ettin (Orc:1)
  Josephine (D:10)
  A shambling mangrove (Swamp:2)
  A hell beast (Lair:5)
  8 hydras
  4 catoblepae
  A two-headed ogre (Bailey)
  10 death yaks
  4 alligators
  Urug (D:10)
  5 orc high priests (Orc:2)
  Nergalle (Lair:3)
  2 goliath frogs (Swamp:2)
  5 skysharks
  A spriggan druid (Swamp:1)
  A death drake (Swamp:2)
  A swamp dragon (Lair:3)
  4 bog bodies
  4 orc knights
  A wizard (Lair:5)
  A wolf spider (Lair:5)
  A will-o-the-wisp (Swamp:1)
  A salamander (shapeshifter) (Orc:2)
  14 elephants
  5 black mambas
  A torpor snail (Lair:3)
  10 cane toads
  4 orange demons (Lair:5)
  5 komodo dragons
  5 rime drakes
  5 polar bears
  A red devil (Lair:5)
  7 hornets
  6 trolls
  4 tyrant leeches
  A hellwing (Lair:5)
  20 blink frogs
  Prince Ribbit (D:7)
  2 slime creatures (Lair:4)
  3 shadows
  11 spriggans
  42 yaks
  5 wraiths
  4 wyverns
  A vampire (D:10)
  2 basilisks
  4 vampire mosquitoes
  7 wargs
  2 steam dragons
  3 nagas (Lair:3)
  6 swamp worms
  2 acid dragons
  13 water moccasins
  4 hell hounds (Lair:5)
  24 orc warriors
  A black bear (D:7)
  2 swamp drakes
  3 ice beasts (D:6)
  12 ogres
  33 wolves
  A centaur (D:6)
  2 phantoms
  A kobold brigand (D:11)
  5 elf zombies (Ossuary)
  A gnoll sergeant (D:7)
  16 bullfrogs
  7 scorpions
  8 wights
  8 killer bees
  3 howler monkeys
  An electric eel (D:10)
  2 centaur zombies (Ossuary)
  12 orc priests
  8 hounds
  5 human zombies (Ossuary)
  4 jellies
  6 iguanas
  4 gnoll boudas
  A sleepcap (D:4)
  18 orc wizards
  6 hell rats
  3 mummies (Ossuary)
  32 gnolls
  14 adders
  A river rat (D:6)
  A shadow imp (D:6)
  2 white imps
  An ufetubus (D:5)
  3 worms
  3 dart slugs
  69 orcs
  5 ball pythons
  6 bats
  8 endoplasms
  10 giant cockroaches
  11 goblins
  8 hobgoblins
  10 quokkas
  10 frilled lizards
  7 kobolds
  12 rats
  A spectral goblin (D:6)
679 creatures vanquished.

Vanquished Creatures (others)
  A black mamba (Lair:3)
  A bloated husk (Swamp:1)
  A tyrant leech (Swamp:3)
  An orc (D:10)
  2 foxfires (Swamp:3)
6 creatures vanquished.

Grand Total: 685 creatures vanquished

Notes
Turn   | Place    | Note
-------+----------+-------------------------------------------
     0 | D:1      | BinkBink the Gargoyle Fighter began the quest for the Orb.
     0 | D:1      | Reached XP level 1. HP: 14/14 MP: 1/1
   123 | D:1      | Reached XP level 2. HP: 19/19 MP: 2/2
   293 | D:1      | Reached XP level 3. HP: 14/23 MP: 3/3
   927 | D:2      | Reached XP level 4. HP: 29/29 MP: 4/4
  1918 | D:4      | Found a staircase to the Ecumenical Temple.
  1935 | Temple   | Entered the Ecumenical Temple
  1941 | Temple   | Reached XP level 5. HP: 33/33 MP: 5/5
  1960 | Temple   | Became a worshipper of Dithmenos the Shadowed
  2027 | D:4      | Found a radiant altar of Vehumet.
  2053 | D:4      | Found a bloodstained altar of Trog.
  2274 | D:4      | Reached XP level 6. HP: 34/38 MP: 6/6
  2589 | D:4      | Reached * piety under Dithmenos
  2731 | D:4      | Reached XP level 7. HP: 33/44 MP: 7/7
  2743 | D:4      | Reached skill level 5 in Maces & Flails
  2825 | D:4      | Found a white marble altar of Elyvilon.
  3157 | D:5      | Entered Level 5 of the Dungeon
  3255 | D:5      | Reached skill level 5 in Armour
  3355 | D:5      | Reached skill level 5 in Fighting
  3355 | D:5      | Reached skill level 5 in Shields
  3599 | D:5      | Reached XP level 8. HP: 28/49 MP: 8/8
  3888 | D:5      | Found a broken altar of Ashenzari.
  4358 | D:5      | Identified a scroll of acquirement
  4358 | D:5      | Acquired a +3 vampiric demon whip
  4421 | D:6      | Found a hazy altar of Hepliaklqana.
  4513 | D:6      | Found a sacrificial altar of Ru.
  4775 | D:6      | Reached ** piety under Dithmenos
  4806 | D:6      | Found a glowing drain.
  4813 | Sewer    | Entered a sewer
  5033 | Sewer    | Reached XP level 9. HP: 55/55 MP: 9/9
  5435 | D:6      | Found a runed translucent door.
  5436 | D:6      | Noticed Crazy Yiuf
  5726 | D:6      | Found a sparkling altar of Nemelex Xobeh.
  5735 | D:6      | Found a shimmering altar of Xom.
  5965 | D:7      | Noticed a hornet
  5978 | D:7      | Killed a hornet
  5990 | D:7      | Reached *** piety under Dithmenos
  6817 | D:7      | Noticed Prince Ribbit
  6839 | D:7      | Killed Prince Ribbit
  7001 | D:8      | Reached XP level 10. HP: 63/63 MP: 10/10
  7075 | D:8      | Found Ristivuc's Assorted Antiques.
  7193 | D:8      | Found a sand-covered staircase.
  7201 | Ossuary  | Entered an ossuary
  7590 | D:8      | Found an ancient bone altar of Kikubaaqudgha.
  7777 | D:7      | Reached **** piety under Dithmenos
  8193 | D:9      | Reached skill level 10 in Maces & Flails
  8318 | D:9      | Found Plog's Magic Scroll Shoppe.
  8327 | D:9      | Bought a scroll of identify for 26 gold pieces
  8327 | D:9      | Bought a scroll of identify for 26 gold pieces
  8327 | D:9      | Bought a scroll of teleportation for 39 gold pieces
  8612 | D:9      | Found a flagged portal.
  8635 | Bailey   | Entered a bailey
  8774 | Bailey   | Identified the +6 rapier of Oxzuxkak {speed, rElec rPois
                  | rC-}
  8800 | Bailey   | Noticed a two-headed ogre
  8831 | Bailey   | Killed a two-headed ogre
  8832 | Bailey   | Reached XP level 11. HP: 30/69 MP: 11/11
  9613 | D:10     | Entered Level 10 of the Dungeon
  9678 | D:10     | Found a staircase to the Lair.
  9678 | D:10     | Noticed Josephine
  9719 | D:10     | Killed Josephine
  9849 | D:10     | Noticed Urug
  9898 | D:10     | Killed Urug
 10068 | D:10     | Found a hide-covered altar of Uskayaw.
 10824 | D:10     | Found a staircase to the Orcish Mines.
 11191 | D:11     | Reached skill level 10 in Armour
 11377 | D:11     | Reached skill level 10 in Shields
 11394 | D:11     | Reached skill level 10 in Fighting
 11575 | D:11     | Noticed Amaemon
 11606 | Lair:1   | Entered Level 1 of the Lair of Beasts
 11664 | Lair:1   | Reached XP level 12. HP: 77/77 MP: 12/12
 11677 | Lair:1   | Reached ***** piety under Dithmenos
 12616 | Lair:2   | Noticed Gastronok
 12832 | Orc:1    | Entered Level 1 of the Orcish Mines
 13120 | Orc:1    | Found Picianet's Magic Scroll Boutique.
 13128 | Orc:1    | Bought a scroll of identify for 34 gold pieces
 13128 | Orc:1    | Bought a scroll of identify for 34 gold pieces
 13576 | Orc:2    | Entered Level 2 of the Orcish Mines
 14001 | Orc:2    | Found Istranext's General Store.
 14004 | Orc:2    | Noticed an orc high priest
 14144 | Orc:2    | Noticed an orc warlord
 14144 | Orc:2    | Noticed Saint Roka
 14260 | Orc:1    | Killed an orc warlord
 14728 | Lair:2   | Reached skill level 1 in Invocations
 14915 | Lair:2   | Noticed a seven-headed hydra
 14945 | Lair:2   | Killed a seven-headed hydra
 14956 | Lair:2   | Reached XP level 13. HP: 85/85 MP: 13/15
 15013 | Lair:2   | Killed Gastronok
 15765 | Lair:3   | Reached ****** piety under Dithmenos
 15962 | Lair:3   | Found a staircase to the Snake Pit.
 16378 | Lair:3   | Noticed Nergalle
 16390 | Lair:3   | Killed Nergalle
 16641 | Lair:3   | Found a staircase to the Swamp.
 16650 | Lair:3   | Gained mutation: Your large and strong wings let you fly.
                  | [Gargoyle growth]
 16650 | Lair:3   | Reached XP level 14. HP: 94/94 MP: 17/17
 17381 | Lair:4   | Found a viscous altar of Jiyva.
 17382 | Lair:4   | Found a staircase to the Slime Pits.
 17787 | Lair:5   | Entered Level 5 of the Lair of Beasts
 18883 | Lair:5   | Found a burning altar of Makhleb.
 19051 | Lair:5   | Found a gateway to Hell.
 19241 | Lair:5   | Reached skill level 15 in Fighting
 19247 | Lair:5   | Reached XP level 15. HP: 103/103 MP: 18/18
 19265 | Lair:5   | Reached skill level 15 in Armour
 19880 | Orc:1    | Reached skill level 15 in Shields
 20458 | Orc:2    | Killed Saint Roka
 20668 | Orc:2    | Found Emmacsown's Antique Weapon Boutique.
 21225 | Orc:2    | Found a staircase to the Elven Halls.
 21294 | Orc:2    | Found Enaraor's Jewellery Boutique.
 21355 | Orc:2    | Found Myrum's Antique Armour Emporium.
 21423 | Orc:2    | Bought a pair of embroidered boots for 277 gold pieces
 21597 | Orc:2    | Found Kudghyh's General Store.
 22055 | Swamp:1  | Entered Level 1 of the Swamp
 23940 | Swamp:3  | Noticed a tentacled monstrosity
 23997 | Swamp:3  | Killed from afar by a spriggan druid

Illustrated notes

Levels and vault maps discovered:
D:1:      heliophobic_arrival_ceremonial_halls, layout_basic
D:2:      layout_basic
D:3:      layout_loops_ring
D:4:      layout_basic, mainiacjoe_overflow_boulevard, lemuel_crystal_altar,
          trog_butcher_becter, minmay_temple_entry_glass, minmay_pentomino_pile
D:5:      layout_loops_corners, nicolae_ashenzari_panopticon, kennysheep_doodads
D:6:      layout_gridville, hangedman_ru_absence,
          nicolae_hepliaklqana_monster_ancestors, mainiacjoe_overflow_swirl,
          lightli_sewer_entry_pipes, uniq_crazy_yiuf_cottage
D:7:      layout_basic, uniq_prince_ribbit1
D:8:      layout_cave_pods, kiku_gazebo_pond_becter, serial_shops,
          nicolae_shop_behind_doors, serial_glass, glass_columns_a,
          glass_columns_c, glass_columns_a, enter_ossuary_3,
          minmay_misc_feat_five
D:9:      layout_stronghold, enter_bailey_5, serial_shops, shop,
          due_unseen_surprise
D:10:     lemuel_ice_spiral_2, layout_basic, nicolae_uskayaw_dance_hall,
          erik_lair_island, erik_orc_1, item_on_display_a, uniq_josephine,
          uniq_urug
D:11:     layout_cave_pods, uniq_amaemon
Temple:   hc_temple_tempest_star
Lair:1:   layout_cave_pods, chequers_serial_rivers_micro_a,
          nicolae_lair_lil_pond, cheibrodos_lair_lostbears, lemuel_fruit_fields,
          grunt_megastairs_3
Lair:2:   layout_regular_city, infiniplex_staircase_pool_2, grunt_megastairs_4,
          serial_bayou_shore_b, uniq_gastronok
Lair:3:   layout_concentric_octagons, minmay_swamp_entry_reptiles,
          guppyfry_snake_entry_garden, uniq_nergalle
Lair:4:   layout_cave_pods, minmay_slime_entry_pillars
Lair:5:   evil_forest, layout_regular_city, nicolae_lair_run_with_the_wolves,
          grunt_megastairs_1, serial_bayou_shore_a, lemuel_fruit_tree
Swamp:1:  layout_falls_marsh, nicolae_swamp_tree_isthmus, swamp_pool1,
          infiniplex_staircase_pool
Swamp:2:  layout_falls_marsh, evilmike_swamp_ruin_house_1
Swamp:3:  layout_basic_swamp, nicolae_swamp_well_well_well
Orc:1:    layout_diamond_mine, serial_shops, shop_fountains, basic_altar
Orc:2:    grunt_orc_gardens, layout_caves, grunt_orc_garden, grunt_orc_garden,
          grunt_orc_garden, grunt_orc_garden, serial_shops,
          nicolae_shop_tiny_statue_garden, nicolae_orc_lost_temple,
          uniq_saint_roka

Skill      XL: |  1  2  3  4  5  6  7  8  9 10 11 12 13 14 15 |
---------------+----------------------------------------------+-----
Maces & Flails | 3 4 5 7 9 10 12 | 12.0
Armour         | 4 5 6 7 8 10 11 13 14 16 | 16.3
Fighting       | 4 5 6 7 8 10 11 13 15 16 | 16.4
Shields        | 4 5 6 7 8 10 11 13 14 16 | 16.3
Invocations    | 3 4 |  4.0

Action                     |  1- 3 |  4- 6 |  7- 9 | 10-12 | 13-15 || total
---------------------------+-------+-------+-------+-------+-------++-------
  Melee: Flail             |   108 |   230 |   126 |       |       ||   464
         Demon whip        |       |       |   335 |   950 |  1521 ||  2806
    Use: Potion            |       |     1 |     3 |     2 |     1 ||     7
         Scroll            |       |       |     9 |    18 |     8 ||    35
   Stab: Petrified         |       |       |       |       |    22 ||    22
         Distracted        |       |       |       |       |     3 ||     3
         Petrifying        |       |       |       |       |     1 ||     1
 Armour: Scale mail        |    32 |       |       |       |       ||    32
         Plate armour      |    60 |   228 |   330 |   593 |  1007 ||  2218
  Dodge: Dodged            |    36 |    74 |   125 |   238 |   379 ||   852
  Block: Buckler           |    27 |    62 |    78 |   241 |   447 ||   855

Table legend: (Time is in decaauts)
 A = Elapsed time spent in this place.
 B = Non-inter-level travel time spent in this place.
 C = Inter-level travel time spent in this place.
 D = Time resting spent in this place.
 E = Time spent auto-exploring this place.
 F = Levels seen in this place.
 G = Mean time per level.
                   A        B        C        D        E       F      G
               +--------+--------+--------+--------+--------+-----+--------+
         Total |  23086 |  21541 |   1545 |   1063 |  15123 |  25 |  923.4 |
       Dungeon |  10595 |   9781 |    814 |     93 |   7038 |  11 |  963.2 |
        Temple |     47 |      8 |     39 |      0 |      0 |   1 |   47.0 |
          Lair |   5742 |   5461 |    281 |    323 |   4070 |   5 | 1148.4 |
         Swamp |   1706 |   1659 |     47 |    406 |    904 |   3 |  568.7 |
  Orcish Mines |   3814 |   3451 |    363 |    133 |   2634 |   2 | 1907.0 |
         Sewer |    497 |    497 |      0 |      0 |    183 |   1 |  497.0 |
       Ossuary |    160 |    160 |      0 |      0 |     68 |   1 |  160.0 |
        Bailey |    522 |    522 |      0 |    108 |    224 |   1 |  522.0 |
               +--------+--------+--------+--------+--------+-----+--------+

Top non-repeatable levels by time:
   Orc:1: 2734 daAuts
    D:10: 1649 daAuts
  Lair:5: 1599 daAuts
     D:5: 1275 daAuts
     D:4: 1185 daAuts
  Lair:1: 1148 daAuts
     D:7: 1114 daAuts
     D:6: 1087 daAuts
   Orc:2: 1079 daAuts
  Lair:3: 1067 daAuts
  Lair:4: 1012 daAuts
     D:9: 951 daAuts
  Lair:2: 915 daAuts
 Swamp:1: 899 daAuts
     D:8: 867 daAuts
